 Dungeon Crawl Stone Soup version 0.19-a0-965-g50bf062 (webtiles) character file.

38 4thArraOfDagon the Skirmisher (level 3, 33/33 HPs)
             Began as a Minotaur Abyssal Knight on July 12, 2016.
             Was a Follower of Lugonu.
             Quit the game on level 3 of the Dungeon.
             The game lasted 00:02:55 (692 turns).

4thArraOfDagon the Skirmisher (MiAK)                 Turns: 692, Time: 00:02:56

Health: 33/33      AC:  1    Str: 16    XL:     3   Next: 25%
Magic:  3/3        EV: 11    Int: 10    God:    Lugonu [*.....]
Gold:   96         SH:  0    Dex:  9    Spells: 0 memorised, 2 levels left

rFire  . . .     SeeInvis .     a - +1 hand axe
rCold  . . .     Gourm    .     b - +0 leather armour
rNeg   . . .     Faith    .     (no shield)
rPois  .         Spirit   .     (helmet restricted)
rElec  .         Dismiss  .     (no cloak)
rCorr  .         Reflect  .     (no gloves)
SustAt .         Harm     .     (no boots)
MR     .....     Rnd*Tele +     (no amulet)
Stlth  ..........               g - ring of teleportation (curse)
                                e - -2 ring of protection (curse)

@: confused, not resistant to hostile enchantments, extremely unstealthy
A: retaliatory headbutt, horns 2
a: Depart the Abyss, Renounce Religion


You were on level 3 of the Dungeon.
You worshipped Lugonu.
Lugonu was aware of your devotion.
You were not hungry.

You visited 1 branch of the dungeon, and saw 4 of its levels.
You visited the Abyss 1 time.

You collected 96 gold pieces.

Inventory:

Hand Weapons
 a - a +1 hand axe (weapon)
Armour
 b - a +0 leather armour (worn)
Jewellery
 e - a cursed -2 ring of protection (left hand)
 g - a cursed ring of teleportation (right hand)
Scrolls
 i - a scroll of magic mapping {unknown}
 j - 2 scrolls of identify
 k - a scroll of enchant weapon {unknown}
Comestibles
 c - 2 bread rations
 d - a royal jelly
 f - a meat ration
 h - a beef jerky


   Skills:
 + Level 4.2 Fighting
 * Level 3.2 Axes
 + Level 2.9 Armour
 - Level 1.1 Dodging
 + Level 2.1 Invocations


You had 2 spell levels left.
You didn't know any spells.

Dungeon Overview and Level Annotations

Branches:
Dungeon (4/15)
 Temple: D:4-7

Altars:
Kikubaaqudgha


Innate Abilities, Weirdness & Mutations

You reflexively headbutt those who attack you in melee.
You have a pair of horns on your head.


Message History

The bat hits you.
You miss the bat. You headbutt the bat.
You kill the bat!
Lugonu accepts your kill.
You see here a bat corpse.
You now have 96 gold pieces (gained 13).
An orc wizard comes into view. It is wielding a dagger.
An orc priest comes into view. It is wielding a hand axe.
The orc priest shouts!
An orc comes into view. It is wielding a flail.
An orc and an orc priest come into view.
The orc shouts! x2; The orc priest shouts!
The orc wizard casts a spell at you.
You are confused.
You see here a scroll of identify.
j - 2 scrolls of identify (gained 1)
You aren't carrying any potions.
You're too confused!
Unknown command.
Are you sure you want to abandon this character and quit the game? (Confirm with "yes".)

############.....####
#######
o#####################
oo..oo.@.............#
.###################.#
#.# #.# #.# #.# #.###
#.... #.###


You could see 2 orc priests, an orc wizard and 2 orcs.

Vanquished Creatures
  An ooze (D:3)
  A dart slug (D:1)
  2 giant geckos
  5 bats
  2 goblins
  2 hobgoblins
  5 jackals
  2 ball pythons
  5 kobolds
  A quokka zombie (D:3)
  A rat (D:3)
27 creatures vanquished.

Notes
Turn   | Place    | Note
-------+----------+-------------------------------------------
     0 | Abyss:1  | 4thArraOfDagon the Minotaur Abyssal Knight began the quest for the Orb.
     0 | Abyss:1  | Reached XP level 1. HP: 19/19 MP: 1/1
    22 | Abyss:2  | Noticed an ancient zyme
    44 | Abyss:2  | Noticed a large abomination
    44 | D:1      | Escaped the Abyss
   107 | D:1      | Reached * piety under Lugonu
   176 | D:2      | Reached XP level 2. HP: 27/27 MP: 2/2
   337 | D:2      | Found an ancient bone altar of Kikubaaqudgha.
   380 | D:3      | Reached skill level 4 in Fighting
   420 | D:3      | Reached XP level 3. HP: 20/33 MP: 3/3
   494 | D:4      | Noticed an ogre
   692 | D:3      | Quit the game

Vault maps used:
D:1:      dpeg_arrival_arbitrary_c, columned_hall_lemuel
D:2:      kiku_gazebo_garden_becter, minmay_misc_feat_tiny,
          grunt_gozag_breadcrumbs
D:3:      first_bread
D:4:      grunt_temple_overflow_champion_of_chaos, kennysheep_boxes,
          uniq_grinder

Skill      XL: |  1  2 |
---------------+-------+-----
Invocations    | 2 |  2.1
Axes           | 3 |  3.2
Fighting       | 4 |  4.2
Armour         | |  2.9
Dodging        | |  1.1

Action                   || total
-------------------------++-------
Melee: Hand axe          ||    53
       Headbutt          ||     8
Invok: Depart the Abyss  ||     1
  Use: Potion            ||     3
       Scroll            ||     2
 Stab: Sleeping          ||     1
Armor: Leather armour    ||    13
Dodge: Dodged            ||    40
